 Dungeon Crawl Stone Soup version 0.27-a0-1200-g94dc6ad4cf (webtiles) character file.

Game seed: 3561188550667554704

474 Kinoniko the Slasher (level 6, 0/51 HPs)
             Began as a Draconian Berserker on June 1, 2021.
             Was a Believer of Trog.
             Slain by an orc
             ... wielding a +0 war axe
              (9 damage)
             ... on level 4 of the Dungeon.
             The game lasted 00:04:00 (3715 turns).

Kinoniko the Slasher (Draconian Berserker)          Turns: 3715, Time: 00:04:01

Health: 0/51       AC:  6    Str: 21    XL:     6   Next: 84%
Magic:  6/6        EV: 12    Int:  8    God:    Trog [**....]
Gold:   1192       SH:  0    Dex: 10    Spells: 5/5 levels left

rFire    . . .     SeeInvis .   a - +0 falchion (freeze)
rCold    . . .     Faith    +   (no shield)
rNeg     . . .     Spirit   .   (armour unavailable)
rPois    .         Reflect  .   (helmet restricted)
rElec    .         Harm     .   f - scarf {+Inv}
rCorr    .         Rampage  .   (no gloves)
Will     .....                  (no boots)
Stlth    +.........             g - amulet of faith
HPRegen  0.17/turn              (no ring)
MPRegen  0.10/turn              (no ring)

@: on berserk cooldown, attractive, slowed, very slow
A: AC +6, unfitting armour, cold-blooded
a: Renounce Religion, Evoke Invisibility, Berserk, Trog's Hand


You were on level 4 of the Dungeon.
You worshipped Trog.
Trog was pleased with you.
You visited 1 branch of the dungeon, and saw 4 of its levels.

You collected 1192 gold pieces.

Inventory:

Hand Weapons
 a - a +0 falchion of freezing (weapon)
Armour
 f - a scarf of invisibility (worn)
Jewellery
 g - an amulet of faith (around neck)
 o - a +4 ring of protection
Wands
 j - a wand of polymorph (6)
Scrolls
 d - a scroll of enchant weapon
 i - a scroll of holy word
 l - a scroll of fog
 m - a scroll of vulnerability {unknown}
Potions
 b - a potion of ambrosia {unknown}
 c - 2 potions of might {unknown}
 e - 3 potions of heal wounds
 h - a potion of attraction
 r - 2 potions of degeneration {unknown}
 s - a potion of magic {unknown}
 t - a potion of mutation {unknown}


   Skills:
 - Level 3.2 Fighting
 * Level 7.8 Long Blades
 - Level 2.6 Dodging


You had 5 spell levels left.
You didn't know any spells.
Your spell library was empty.

Dungeon Overview and Level Annotations

Branches:
Dungeon (4/15)
 Temple: D:4-7

Altars:

Shops:
D:1 (


Innate Abilities, Weirdness & Mutations

Your plain brown scales are hard. (AC +6)
You cannot fit into any form of body armour.
You are cold-blooded and may be slowed by cold attacks.


Message History

The orc wizard hits you but does no damage.
The orc hits you with a +0 hand axe.
You closely miss the orc wizard.
The orc wizard is severely wounded.
The orc hits you but does no damage. The orc wizard closely misses you.
The orc hits you but does no damage. The orc closely misses you.
You riposte.
You hit the orc but do no damage.
Unknown command.
You hit the orc wizard. You freeze the orc wizard.
The orc wizard is almost dead.
The orc hits you with a +0 dagger.
The orc wizard hits you but does no damage.
The orc hits you with a +0 dagger. The orc hits you but does no damage.
The orc hits you with a +0 dagger.
You barely miss the orc wizard.
The orc wizard is almost dead.
The orc wizard barely misses you. The orc closely misses you.
You riposte.
You hit the orc. You freeze the orc.
You kill the orc!
Trog accepts your kill. The orc hits you but does no damage. x2
The orc wizard hits you but does no damage.
You barely miss the orc wizard.
The orc wizard is almost dead.
The orc barely misses you.
The orc wizard gestures at itself while chanting.
The orc wizard flickers and vanishes!
Deactivating autopickup; reactivate with Ctrl-A.
The orc misses you. The orc hits you with a +0 war axe.
You hit something but do no damage. The orc hits you but does no damage.
Something hits you. The orc hits you with a +0 hand axe.
* * * LOW HITPOINT WARNING * * *
The orc hits you with a +0 war axe.
* * * LOW HITPOINT WARNING * * *
The orc closely misses you.
You riposte.
You hit the orc. You freeze the orc.
You kill the orc!
Trog accepts your kill.
Okay, then.
Something hits you but does no damage. The orc hits you with a +0 war axe!
You die...

##.## ##...##...........
#..# ###.####.##.#.#.# ..##
#<.###.# #.... ###
##...#.###.#.#. ######
###.............. .. #....#
###.##........#..#
#....########)###.......#..
#...........{oo...........
####....########@###...)...#
...#....# #.# #.......##o.
##......# #.# #........o..
#...##.#### #.# ##).#
#.####....### #.# ###oo##
#.# ####...###.###...## #.#
###...#)#...### #..#
###...).### ..## #.......#


You could see 2 orcs.

Vanquished Creatures
  An orc warrior (D:4)
  An ogre (D:4)
  3 orc priests
  A centaur skeleton (D:2)
  4 orc wizards (D:3)
  2 adders
  A worm (D:4)
  A dart slug (D:1)
  9 orcs
  An endoplasm (D:4)
  2 giant cockroaches
  7 goblins
  2 hobgoblins (D:3)
  3 jackals (D:1)
  3 quokkas
  4 ball pythons
  4 bats
  4 frilled lizards
  8 kobolds
  2 rats
63 creatures vanquished.

Notes
Turn   | Place    | Note
-------+----------+-------------------------------------------
     0 | D:1      | Kinoniko the Draconian Berserker began the quest for the
                  | Orb.
     0 | D:1      | Reached XP level 1. HP: 19/19 MP: 1/1
   309 | D:1      | Reached XP level 2. HP: 20/26 MP: 2/2
   491 | D:1      | Found Qetesy's Antique Weapon Boutique.
   945 | D:2      | Reached skill level 4 in Long Blades
   945 | D:2      | Reached XP level 3. HP: 28/31 MP: 3/3
  1072 | D:2      | Found a faded altar of an unknown god.
  2094 | D:3      | Reached XP level 4. HP: 31/38 MP: 4/4
  2241 | D:3      | Reached skill level 5 in Long Blades
  2244 | D:3      | Reached ** piety under Trog
  2346 | D:3      | Reached XP level 5. HP: 17/45 MP: 5/5
  2394 | D:3      | Reached skill level 6 in Long Blades
  3140 | D:4      | Identified a scroll of acquirement
  3141 | D:4      | Acquired 1090 gold pieces
  3266 | D:4      | Noticed an ogre
  3276 | D:4      | Killed an ogre
  3277 | D:4      | Reached skill level 7 in Long Blades
  3277 | D:4      | Reached XP level 6. HP: 51/51 MP: 6/6
  3670 | D:4      | Noticed an orc warrior
  3687 | D:4      | Killed an orc warrior
  3715 | D:4      | Slain by an orc

Illustrated notes

Levels and vault maps discovered:
D:1:      scummos_arrival_checkerplants, layout_basic, serial_shops,
          nicolae_shop_stone, minivault_25, chequers_serial_rivers_micro_c
D:2:      layout_loops_corners, basic_ecumenical_altar
D:3:      layout_basic
D:4:      layout_rooms, grunt_ministairs_13, hex_large

Skill      XL: |  1  2  3  4  5 |
---------------+----------------+-----
Long Blades    | 4 5 7 |  7.8
Fighting       | |  3.2
Dodging        | |  2.6

Action                   |  1- 3 |  4- 6 || total
-------------------------+-------+-------++-------
Melee: Falchion          |    75 |   111 ||   186
       Tailslap          |     9 |    17 ||    26
Invok: Berserk           |     1 |     6 ||     7
  Use: Scroll            |       |    10 ||    10
       Potion            |       |     4 ||     4
 Stab: Sleeping          |     1 |     1 ||     2
Armor: Skin              |    29 |    49 ||    78
Dodge: Dodged            |    46 |    63 ||   109
       Rpst.: Falchion   |    10 |    16 ||    26

Table legend: (Time is in decaauts)
 A = Elapsed time spent in this place.
 B = Non-inter-level travel time spent in this place.
 C = Inter-level travel time spent in this place.
 D = Time resting spent in this place.
 E = Time spent auto-exploring this place.
 F = Levels seen in this place.
 G = Mean time per level.
                   A        B        C        D        E       F      G
               +--------+--------+--------+--------+--------+-----+--------+
         Total |   3775 |   3722 |     53 |    969 |   2304 |   4 |  943.8 |
       Dungeon |   3775 |   3722 |     53 |    969 |   2304 |   4 |  943.8 |
               +--------+--------+--------+--------+--------+-----+--------+

Top non-repeatable levels by time:
     D:2: 1177 daAuts
     D:3: 1070 daAuts
     D:1: 926 daAuts
     D:4: 601 daAuts
